[Event "Late-Titled-Tuesday-Blitz-December-26-2023"]
[Site "Chess.com"]
[Date "2023.12.26"]
[Round "9"]
[White "nassimzrikem"]
[Black "ElenGajger"]
[Result "0-1"]
[WhiteElo "2260"]
[BlackElo "2430"]
[TimeControl "180+1"]
[EndTime "15:44:14 PST"]
[Termination "ElenGajger won on time"]

1. e4 c5 2. Nf3 g6 3. d4 cxd4 4.
Nxd4 Bg7 5. Nc3 Nc6 6. Be3 Nf6 7. Bc4 O-O 8. Bb3 Re8 9. O-O d6 10. h3 Nxd4 11. Bxd4 Be6 12. Bxe6 fxe6 13. f4 Nd7 14. Bxg7 Kxg7 15. f5 exf5 16. exf5 Ne5 17. Qd4 Qb6 18. Qxb6 axb6 19. fxg6 hxg6 20. a4 Rac8 21. Rf2 Rc4 22. Nd5 Rc6 23. b3 e6 24. Ne3 Rc3 25. Nd1 Rc5 26.
c4 Nd3 27. Rd2 Nf4 28. Rxd6 Rg5 29. Ne3 Re5 30. Ng4 Re2 31. Nf2 Rf8 32. Rd7+ Kh6 33. g3 Nh5 34. Rf1 Rc8 35. Kg2 Rc5 36. g4 Nf4+ 37. Kg3 g5 38. h4 Rce5 39. hxg5+ Kxg5 40. Rg7+ Ng6 41. Nh3+ Kh6 42. Rgf7 R5e3+ 43. R7f3 e5 44.
Rxe3 Rxe3+ 45. Rf3 Re1 46. g5+ Kg7 47. Kg4 e4 48. Rf2 Re3 49. Nf4 Ne5+ 50. Kf5 Nf3 0-1

[Event "Late-Titled-Tuesday-Blitz-December-26-2023"]
[Site "Chess.com"]
[Date "2023.12.26"]
[Round "9"]
[White "IlanSchnaider"]
[Black "DishonorOnYourCow"]
[Result "1/2-1/2"]
[WhiteElo "2677"]
[BlackElo "2564"]
[TimeControl "180+1"]
[EndTime "15:44:16 PST"]
[Termination "Game drawn by repetition"]

1. e4 c5 2. Nf3 d6 3. Bb5+ Nd7 4. a4 a6 5. Bc4 e6 6. Nc3 Ngf6 7. O-O b6 8. d4 Be7 9. Re1 cxd4 10. Nxd4 Ne5 11. Ba2 Qc7 12. Bf4 O-O 13. Qe2 Bd7 14. Rad1 Rfc8 15. Nf3 b5 16. Bb3 Rab8 17. axb5 axb5 18. Nxe5 dxe5 19. Bg3 b4 20. Nb1 Bb5 21. Qf3 Nd7 22.
Nd2 Nc5 23. Bc4 Na4 24. Bxb5 Rxb5 25. b3 Nb6 26. Qd3 Rc5 27. Nf3 f6 28. h4 Rxc2 29. h5 Rc3 30. Qb5 Rxb3 31. h6 gxh6 32. Nd4 Rxg3 33.
fxg3 Qc5 34. Qa6 exd4 35. Rc1 Qxc1 36. Rxc1 Rxc1+ 37. Kh2 Nc4 38. Qxe6+ Kf8 39. Qc8+ Kf7 40. Qf5 Ne5 41. Qxh7+ Ke6 42. Qg8+ Kd6 43. Qd5+ Kc7 44. Qxd4 Rc6 45. Qa7+ Kd6 46. Qb8+ Ke6 47. Qg8+ Nf7 48. Qb8 Ne5 49. Qb5 Bd6 50. Qb7 Rc7 51.
Qd5+ Kd7 52. Qb5+ Kc8 53. Qe8+ Kb7 54. Qb5+ Kc8 55. Qa6+ Rb7 56. Qxd6 b3 57. Qe6+ Kb8 58. Qe8+ Ka7 59. Qa4+ Kb8 60. Qe8+ Ka7 61. Qa4+ Kb8 62. Qe8+ 1/2-1/2

[Event "Late-Titled-Tuesday-Blitz-December-26-2023"]
[Site "Chess.com"]
[Date "2023.12.26"]
[Round "9"]
[White "YouShallNotPass001"]
[Black "Onthequiet"]
[Result "1-0"]
[WhiteElo "2497"]
[BlackElo "2420"]
[TimeControl "180+1"]
[EndTime "15:44:18 PST"]
[Termination "YouShallNotPass001 won on time"]

1. Nf3 d5 2. g3 Nf6 3. Bg2 c6 4. O-O Bf5 5. d3 e6 6. Nbd2 h6 7. Qe1 Be7 8. e4 Bh7 9. Qe2 O-O 10. h4 a5 11. e5 Nfd7 12. h5 Na6 13. Nh2 Nb4 14.
Ndf3 Nc5 15. Ng4 Nxc2 16. Qxc2 Bxd3 17. Qd2 Bxf1 18. Bxf1 Ne4 19. Qf4 f5 20. exf6 Bxf6 21. Nxf6+ Qxf6 22. Ne5 Ng5 23. Qxf6 gxf6 24. Ng6 Rf7 25.
Bxg5 hxg5 26. Re1 Re8 27. Bh3 f5 28. f4 g4 29. Bf1 Rh7 30. Ne5 Rxh5 31. Nd7 Kg7 32. Nc5 Kf6 33. Nxb7 Rh7 34. Nxa5 Rc7 35. Nb3 e5 36. Nc5 e4 37. Rd1 Rh8 38. a4 Rch7 39. Bg2 Rb8 40. b3 Rb4 41. Kf2 Ra7 42. Rc1 Ke7 43.
a5 Rxa5 44. Na4 Rxb3 45. Nc3 Rc5 46. Ne2 Rxc1 47. Nxc1 Rb2+ 48. Kf1 Rc2 49. Ne2 Rc3 50. Nxc3 Kd6 51. Ke2 d4 52. Nxe4+ fxe4 53. Bxe4 c5 54. Kd3 Ke7 55. Bf5 Kf6 56. Bxg4 1-0

[Event "Late-Titled-Tuesday-Blitz-December-26-2023"]
[Site "Chess.com"]
[Date "2023.12.26"]
[Round "9"]
[White "dmarcolino"]
[Black "nitpicker"]
[Result "1-0"]
[WhiteElo "2180"]
[BlackElo "2298"]
[TimeControl "180+1"]
[EndTime "15:44:20 PST"]
[Termination "dmarcolino won on time"]

1. d4 Nf6 2. c4 e6 3. Nf3 d5 4. g3 Bb4+ 5. Bd2 Be7 6. Bg2 c6 7. O-O O-O 8. Bf4 b6 9. Qc2 Bb7 10. Nbd2 Nbd7 11. e4 Rc8 12. e5 Ne8 13. cxd5 cxd5 14.
Qa4 a6 15. Rfc1 b5 16. Qd1 Nb6 17. b3 Ba3 18. Rxc8 Qxc8 19. Bf1 Qc3 20. Be2 Nc7 21. Nf1 Rc8 22. Bc1 Bf8 23. Bd2 Qc6 24. Rc1 Qd7 25.
Bd3 b4 26. h4 h6 27. Bb1 Nb5 28. Rxc8 Qxc8 29. h5 Nc3 30. Bxc3 Qxc3 31. Kg2 Na8 32. Ng1 Qc7 33. Qd3 f5 34. exf6 gxf6 35. Kh2 e5 36. dxe5 fxe5 37. Qf5 Qe7 38. Nf3 Nb6 39. Nxe5 Bc8 40. Qf4 Qg7 41. Ng6 Bc5 42. Ne3 d4 43. Nf5 Qh7 44. Qe5 Bxf5 45. Qxf5 Be7 46. Qe6+ Qf7 47.
Bf5 Qxe6 48. Bxe6+ Kg7 49. Ne5 Kf6 50. Nd7+ Nxd7 51.
Bxd7 Bc5 52. Kg2 Kg5 53. Kf3 Bb6 54. Be8 Bc7 55. Bg6 Be5 56. Ke4 Bg7 57. f3 Bf6 58. g4 1-0

[Event "Late-Titled-Tuesday-Blitz-December-26-2023"]
[Site "Chess.com"]
[Date "2023.12.26"]
[Round "9"]
[White "anasta10"]
[Black "Zadar321"]
[Result "1-0"]
[WhiteElo "2606"]
[BlackElo "2454"]
[TimeControl "180+1"]
[EndTime "15:44:21 PST"]
[Termination "anasta10 won on time"]

1. Nf3 Nf6 2. d4 e6 3. c4 Nc6 4. Nc3 Bb4 5. Bd2 d6 6. Qc2 O-O 7. e3 e5 8. d5 Bxc3 9. Bxc3 Nb8 10. Nd2 Nbd7 11. Be2 a5 12. O-O Nc5 13. b3 h6 14.
a3 c6 15. dxc6 bxc6 16. b4 axb4 17. axb4 Rxa1 18. Rxa1 Ne6 19. Rd1 Qc7 20. Nb3 d5 21.
Qb2 Qb8 22. Na5 d4 23. exd4 exd4 24. Bxd4 Nxd4 25. Qxd4 Qxb4 26. Nxc6 Qa4 27. Bf3 Be6 28. c5 Qa3 29. Qe3 Qb2 30. Nd4 Bd5 31. c6 Re8 32. Qc1 Qb6 33. Bxd5 Nxd5 34. Nf3 Re2 35. Rf1 g5 36.
Nxg5 Qc7 37. Nf3 Nf4 38. Kh1 Re6 39. Rd1 Rxc6 40. Qb1 Ng6 41. Qf5 Kg7 42. h3 Rf6 43.
Qd3 Nf4 44. Qd4 Qc6 45. Rg1 h5 46. Kh2 Qe6 47. Qe5 Qc6 48. Nd4 Qc4 49. Nf3 Ng6 50.
Qg5 h4 51. Re1 Qc7+ 52. Kh1 Qc6 53. Nxh4 1-0

[Event "Late-Titled-Tuesday-Blitz-December-26-2023"]
[Site "Chess.com"]
[Date "2023.12.26"]
[Round "9"]
[White "FREZZY23"]
[Black "Grammnik"]
[Result "1-0"]
[WhiteElo "2390"]
[BlackElo "2218"]
[TimeControl "180+1"]
[EndTime "15:44:23 PST"]
[Termination "FREZZY23 won on time"]

1. c4 c6 2. g3 d5 3. Bg2 Nf6 4. Nf3 Bf5 5. O-O e6 6. d4 Nbd7 7. Qb3 Qb6 8. c5 Qxb3 9. axb3 a6 10. Nc3 Be7 11. b4 O-O 12. Nd2 h6 13. Nb3 e5 14. e3 Bd3 15. Re1 e4 16. Na5 Rab8 17. f3 Rfe8 18. fxe4 Nxe4 19. Rd1 Bc2 20. Re1 Ndf6 21.
Bf1 Nxc3 22. bxc3 Be4 23. c4 Bd8 24. Bd2 Bc7 25. Be2 Re7 26. Rf1 Bg6 27. cxd5 Nxd5 28.
Kf2 Rbe8 29. Ra3 Nf6 30. Bf3 Bxa5 31. bxa5 Be4 32. Rb3 Bxf3 33. Kxf3 Ne4 34. Bc1 Rd8 35. Re1 f5 36. Re2 Kf7 37. Reb2 Rdd7 38. Kf4 Ke6 39. g4 g5+ 40. Kf3 Kd5 41. gxf5 Rf7 42. Kg4 Nf6+ 43. Kh3 Ne4 44. Rb1 h5 45. Kg2 Kc4 46. Ba3 Kd5 47. Rc1 g4 48. Rb2 Rxf5 49.
Rcb1 Rff7 50. Re2 Nc3 51. Reb2 Nxb1 52. Rxb1 Ke4 53. Re1 Rf4 54. exf4+ 1-0

[Event "Late-Titled-Tuesday-Blitz-December-26-2023"]
[Site "Chess.com"]
[Date "2023.12.26"]
[Round "9"]
[White "KVAIDAN"]
[Black "2KTNGO"]
[Result "0-1"]
[WhiteElo "2384"]
[BlackElo "2529"]
[TimeControl "180+1"]
[EndTime "15:44:25 PST"]
[Termination "2KTNGO won by checkmate"]

1. f4 d5 2. Nf3 g6 3. e3 Bg7 4.
Be2 Nh6 5. O-O O-O 6. d3 c5 7.
Qe1 Nc6 8. c3 Qb6 9. Kh1 d4 10.
cxd4 cxd4 11. e4 Ng4 12. Na3 Nb4 13. Bd2 a5 14. Bxb4 axb4 15. Nc4 Qd8 16. Qh4 Ne3 17. Rfc1 Be6 18. Ng5 h6 19. Nxe6 fxe6 20. Nxe3 dxe3 21.
Qg4 Qd7 22. Qxg6 Rxf4 23. Rf1 Raf8 24. Rxf4 Rxf4 25. Qg3 Qd6 26. Rc1 Kh7 27. Bh5 Qc5 28.
Bg6+ Kh8 29. Rg1 Qd6 30. Qxe3 Bd4 31. Qh3 Kg7 32. Qg3 Bf2 33. e5 Qxe5 34. Qh3 Rh4 35. d4 Qd6 36. Qxh4 Bxh4 37. Rd1 Qf4 38. Bb1 Bf2 39. Rf1 Qd2 40. h3 Bxd4 41. Be4 Be5 42. Bxb7 Qxb2 43. Re1 Kf6 44. Rf1+ Kg5 45. Bc8 Qe2 46. Rb1 Qe4 47. Rf1 Qc4 48. Re1 Qxc8 49. Rxe5+ Kf6 50. Re1 Qc3 51. Re2 Qc4 52. Rf2+ Kg5 53.
Kh2 e5 54. g3 e4 55. h4+ Kg6 56. Kh3 e3 57. Rf4 Qe6+ 58. g4 e2 59. h5+ Kg5 60.
Rf5+ Qxf5 61. gxf5 e1=Q 62. f6 Qf1+ 63. Kg3 Qxf6 64. a3 Qf4+ 65. Kg2 bxa3 66. Kh3 a2 67.
Kg2 a1=Q 68. Kh3 Qc3+ 69. Kg2 Qfd2+ 70. Kh1 Qcc1# 0-1

[Event "Late-Titled-Tuesday-Blitz-December-26-2023"]
[Site "Chess.com"]
[Date "2023.12.26"]
[Round "9"]
[White "mightysmasher"]
[Black "Fan_Of_Chucky"]
[Result "0-1"]
[WhiteElo "2557"]
[BlackElo "2477"]
[TimeControl "180+1"]
[EndTime "15:44:32 PST"]
[Termination "Fan_Of_Chucky won by checkmate"]

1. e4 c5 2. c3 e6 3. d4 d5 4. exd5 Qxd5 5. Nf3 a6 6. Na3 cxd4 7.
Qxd4 Qxd4 8. Nxd4 Bxa3 9. bxa3 Nf6 10. Be2 Nbd7 11. O-O O-O 12. f3 Nc5 13. Be3 Nd5 14. Bd2 Rd8 15. Rac1 Na4 16. Rfd1 Nb2 17. Re1 Na4 18.
Nb3 Bd7 19. c4 Ne7 20. Be3 Nf5 21. Bf2 Bc6 22. Bd1 Nb2 23. Bc2 Nd3 24. Bxd3 Rxd3 25.
Rcd1 Rad8 26. Rxd3 Rxd3 27. Rb1 h5 28. h3 Rc3 29. c5 Ne7 30. Na5 Rxa3 31. Nxb7 Rxa2 32. Nd8 Bb5 33. Bh4 Nd5 34. Nb7 Rc2 35. Bf2 Nf4 36.
Nd6 Nd3 37. Nxb5 axb5 38. Be3 b4 39. Rd1 Nxc5 40. Rd8+ Kh7 41. Rc8 b3 42. Rb8 b2 43.
Kh2 Nd3 44. Kg3 Rc1 45. Bxc1 bxc1=Q 46. Rb4 Qg5+ 47. Rg4 Qf6 48. Rh4 Qxh4+ 49. Kxh4 Nf4 50. Kg3 Ng6 51. Kh2 h4 52. g3 Kh6 53. g4 Kg5 54.
Kg2 Nf4+ 55. Kh1 e5 56. Kg1 f6 57. Kh1 g6 58. Kh2 f5 59. Kh1 fxg4 60. Kg1 g3 61.
Kh1 Nxh3 62. Kg2 Nf4+ 63. Kh1 h3 64. Kg1 e4 65. Kh1 Kh4 66. Kg1 g2 67. fxe4 Kg3 68.
e5 h2# 0-1

[Event "Late-Titled-Tuesday-Blitz-December-26-2023"]
[Site "Chess.com"]
[Date "2023.12.26"]
[Round "9"]
[White "CFalcons8"]
[Black "lefonghua"]
[Result "1/2-1/2"]
[WhiteElo "2276"]
[BlackElo "2650"]
[TimeControl "180+1"]
[EndTime "15:44:33 PST"]
[Termination "Game drawn - insufficient material"]

1. e4 c5 2. Nf3 g6 3. d4 cxd4 4. Nxd4 Bg7 5. c4 Nc6 6. Be3 Nf6 7. Nc3 d6 8. Be2 O-O 9. O-O Bd7 10. h3 Nxd4 11. Bxd4 Bc6 12. Qd3 a5 13. a3 a4 14.
Nd5 Bxd5 15. exd5 Nd7 16. f4 Nc5 17. Qe3 Bxd4 18. Qxd4 Nb3 19. Qe3 Nxa1 20. Rxa1 Qc7 21. Rc1 Qc5 22. Qxc5 dxc5 23. Bf3 Rab8 24. Bd1 Ra8 25.
Kf2 Rfd8 26. Bf3 Rab8 27. Re1 Kf8 28. Be2 b5 29. cxb5 Rxd5 30. Ke3 e6 31. Rc1 Rc8 32. Rc4 Rd4 33. Rxd4 cxd4+ 34. Kxd4 Rc2 35. Bd3 Rxb2 36. Kc5 Ke7 37. b6 Kd8 38. Bb5 Rb3 39. Bxa4 Rxa3 40. Bb5 Rg3 41. Bc6 Kc8 42. Kd6 g5 43. fxg5 Rxg5 44.
Ke7 Rf5 45. Be4 Rf4 46. Bxh7 e5 47. g3 Rf3 48. b7+ Kc7 49. Be4 Re3 50. Bd5 f5 51.
Kf6 f4 52. gxf4 exf4 53. h4 Rd3 54. Be4 Re3 55. Bd5 f3 56. Bxf3 Rxf3+ 57. Kg6 Kxb7 58. h5 Rg3+ 59. Kf7 Rh3 60. Kg6 Rg3+ 61. Kf7 Kc7 62. h6 Rh3 63. Kg7 Rg3+ 64. Kf7 Rh3 65.
Kg7 Kd7 66. h7 Rg3+ 67. Kf7 Rh3 68. Kg7 Ke7 69. h8=Q Rg3+ 70. Kh7 Rh3+ 71. Kg8 Rg3+ 72. Qg7+ Rxg7+ 73. Kxg7 1/2-1/2

[Event "Late-Titled-Tuesday-Blitz-December-26-2023"]
[Site "Chess.com"]
[Date "2023.12.26"]
[Round "9"]
[White "powermove"]
[Black "Vision_64"]
[Result "1/2-1/2"]
[WhiteElo "2031"]
[BlackElo "2279"]
[TimeControl "180+1"]
[EndTime "15:44:33 PST"]
[Termination "Game drawn - insufficient material"]

1. d4 Nf6 2. c4 g6 3. Nc3 Bg7 4. e4 d6 5. Nf3 O-O 6. Be2 e5 7. dxe5 dxe5 8. Qxd8 Rxd8 9. Bg5 c6 10. Nxe5 Re8 11.
f4 h6 12. Bh4 Nbd7 13. Nxd7 Bxd7 14. e5 Nh7 15. O-O-O Be6 16. Bf2 f6 17. exf6 Nxf6 18. Bd3 Kf7 19. h3 a5 20. g4 a4 21. Rhe1 a3 22. b3 Nxg4 23. hxg4 Bxc3 24. Rg1 Kg7 25.
Kc2 Bb2 26. f5 Bf7 27. g5 hxg5 28. Rxg5 Bf6 29. Rg2 g5 30. Rh2 Rh8 31. Bg3 Rxh2+ 32. Bxh2 Rh8 33. Rd2 Rh4 34. Bd6 Bb2 35. f6+ Bxf6 36.
Bxa3 Bg6 37. Bxg6 Kxg6 38. b4 g4 39. b5 g3 40. Kb3 Rg4 41. Rg2 Kf5 42. bxc6 bxc6 43.
Bc5 Kf4 44. a4 Kf3 45. Rg1 Bd4 46. Bxd4 Rxd4 47. a5 Kf2 48. Rb1 g2 49. a6 g1=Q 50. Rxg1 Kxg1 51. Kb4 Kf2 52. Kc5 Ke3 53. a7 Rd8 54.
Kxc6 Kd4 55. Kb7 Kxc4 56. a8=Q Rxa8 57. Kxa8 1/2-1/2

[Event "Late-Titled-Tuesday-Blitz-December-26-2023"]
[Site "Chess.com"]
[Date "2023.12.26"]
[Round "9"]
[White "Grindaveci"]
[Black "robertoalejandro10"]
[Result "1-0"]
[WhiteElo "2415"]
[BlackElo "2563"]
[TimeControl "180+1"]
[EndTime "15:44:35 PST"]
[Termination "Grindaveci won by resignation"]

1. e4 c5 2. Nf3 g6 3. c3 d5 4. exd5 Qxd5 5. Na3 Bg7 6. d4 cxd4 7. Nb5 Na6 8. Nbxd4 Nf6 9. Be2 O-O 10. O-O Nc5 11.
Nb5 Qxd1 12. Rxd1 Bf5 13. Nbd4 Be4 14. Bf4 Rfd8 15. Nd2 Bd3 16. Bf3 Nfe4 17. Be3 Nxd2 18. Rxd2 Be4 19. Rad1 a6 20. Ne6 Rxd2 21. Rxd2 Bxf3 22.
Nxc5 Bc6 23. f3 h5 24. a4 Rc8 25. a5 Be5 26. Nd7 Bd6 27. Nb6 Re8 28. Nc4 Bc7 29. Bb6 Bf4 30. Be3 Bb8 31. Kf2 Bb5 32. Nb6 Bxh2 33.
g3 h4 34. gxh4 Bc7 35. b4 Bc6 36. Nd5 Bd6 37. Nf6+ exf6 38. Rxd6 f5 39. h5 gxh5 40. Rh6 Kg7 41. Rxh5 Bd7 42. Bd4+ Kg6 43. Rh1 f4 44. Rg1+ Kf5 45. Re1 Be6 46. Re5+ Kg6 47. Re4 Kg5 48. Re5+ Kh6 49. Re4 Kg5 50. Be5 Bd5 51. Bxf4+ Kf5 52. Rxe8 Kxf4 53. Re7 Bc6 54. Rxf7+ Ke5 55. Rh7 Kd5 56.
Rh6 Kc4 57. Rxc6+ bxc6 58. f4 Kxc3 59. f5 Kxb4 60. f6 c5 61. f7 c4 62. f8=Q+ Kxa5 63. Qc5+ 1-0

[Event "Late-Titled-Tuesday-Blitz-December-26-2023"]
[Site "Chess.com"]
[Date "2023.12.26"]
[Round "9"]
[White "Statham_l3"]
[Black "NovakRatko"]
[Result "1-0"]
[WhiteElo "2560"]
[BlackElo "2433"]
[TimeControl "180+1"]
[EndTime "15:44:35 PST"]
[Termination "Statham_l3 won on time"]

1. e4 d5 2. exd5 c6 3. dxc6 Nxc6 4. Nf3 e5 5. Bb5 Bd6 6. d4 exd4 7. O-O Ne7 8. Qxd4 O-O 9. Qh4 Ng6 10. Qxd8 Rxd8 11. Bg5 f6 12. Be3 Bf5 13. c3 a6 14.
Bc4+ Kh8 15. Nd4 Nxd4 16. Bxd4 Ne5 17. Be2 Nc6 18. Be3 b5 19. Nd2 Ne5 20. Nf3 Ng4 21. Bd4 Re8 22. Rfe1 Be4 23. h3 Nh6 24. Nh4 Kg8 25.
Bh5 g6 26. Bf3 Bxf3 27. Nxf3 Kf7 28. g4 Ng8 29. Kf1 Ne7 30. a4 Nc6 31. axb5 axb5 32.
g5 f5 33. h4 b4 34. Kg2 Nxd4 35.
Nxd4 bxc3 36. bxc3 Be5 37. Rxa8 Rxa8 38. Rxe5 Rc8 39.
Re3 Rc4 40. Rd3 Rc7 41. Nf3 Ke6 42. Kg3 Ra7 43. Rd4 Ra1 44. Kf4 Rh1 45. Rd3 Ke7 46.
c4 Ke6 47. c5 Rc1 48. Rd6+ Ke7 49. Rd5 Rc4+ 50. Ke3 Rc3+ 51. Kd4 Rxf3 52. c6 Rxf2 53. c7 Rc2 54. Rd8 Rxc7 55. Rh8 Ke6 56. Re8+ Kf7 57. Rh8 1-0

[Event "Late-Titled-Tuesday-Blitz-December-26-2023"]
[Site "Chess.com"]
[Date "2023.12.26"]
[Round "9"]
[White "GiorgianBarbosa"]
[Black "Maect19"]
[Result "1-0"]
[WhiteElo "2509"]
[BlackElo "2367"]
[TimeControl "180+1"]
[EndTime "15:44:43 PST"]
[Termination "GiorgianBarbosa won on time"]

1. c4 c6 2. d4 d5 3. cxd5 cxd5 4. Nc3 Nf6 5. Bf4 Qb6 6. Qd2 Bf5 7. e3 e6 8. Bxb8 Rxb8 9. Bb5+ Nd7 10. Bxd7+ Kxd7 11. Nf3 Bb4 12. Ne5+ Ke7 13. O-O Rhc8 14. f3 f6 15. e4 fxe5 16. Qg5+ Kf7 17. exf5 Qxd4+ 18. Kh1 Bxc3 19.
fxe6+ Kg8 20. bxc3 Qf4 21. Qe7 Qf6 22. Qd7 Rd8 23.
Qa4 a6 24. f4 Qxe6 25. fxe5 Qxe5 26. Rae1 Rf8 27. Qd7 Rxf1+ 28. Rxf1 Rf8 29. Rxf8+ Kxf8 30. Qc8+ Qe8 31. Qf5+ Kg8 32. Qxd5+ Qf7 33. Qd8+ Qf8 34. Qd5+ Qf7 35. Qd8+ Qf8 36. Qd1 Qc5 37. Qb3+ Kf8 38. Qxb7 Qxc3 39. Qa8+ Kf7 40. Qb7+ Kf8 41. Qb8+ Kf7 42.
h3 Qa1+ 43. Kh2 Qxa2 44. Qc7+ Kf6 45. Qd6+ Qe6 46. Qd8+ Kf7 47. Qc7+ Kg6 48. Qc2+ Qf5 49. Qa2 Qe5+ 50. Kh1 a5 51. Qb1+ Qf5 52. Qa1 Qb5 53. Qc1 a4 54. Qc2+ Kf6 55. Qc3+ Kf7 56. Qc7+ Kf6 57. Qc3+ Ke6 58. Qe3+ Kd6 59. Qd4+ Kc6 60. Qxg7 a3 61. Qf6+ Kb7 62. Qe7+ Kc6 63. Qxa3 Qf1+ 64.
Kh2 Qf5 65. Qg3 1-0

[Event "Late-Titled-Tuesday-Blitz-December-26-2023"]
[Site "Chess.com"]
[Date "2023.12.26"]
[Round "9"]
[White "HalfIsCrayfish"]
[Black "Tunahan_Makaraci"]
[Result "1-0"]
[WhiteElo "2624"]
[BlackElo "2511"]
[TimeControl "180+1"]
[EndTime "15:44:44 PST"]
[Termination "HalfIsCrayfish won by resignation"]

1. d4 d5 2. c4 e6 3. Nc3 c5 4. cxd5 exd5 5. Nf3 Nc6 6. dxc5 d4 7. Na4 Bxc5 8. Nxc5 Qa5+ 9. Bd2 Qxc5 10. Rc1 Qb6 11. Qb3 Qxb3 12. axb3 Be6 13. b4 a6 14. g3 Nge7 15. Bg2 Nd5 16. Ng5 O-O 17. Nxe6 fxe6 18. Bxd5 exd5 19. O-O Rae8 20. Rfe1 Re4 21. Rc5 Rfe8 22.
Kf1 R4e5 23. b5 axb5 24. Rxb5 R8e7 25. Rb3 Rf5 26. h4 Ne5 27. Bg5 Ref7 28. f3 d3 29.
Kg2 h6 30. Bf4 Ng6 31. e3 d4 32. Rxd3 dxe3 33. Rexe3 Rxf4 34. gxf4 Nxf4+ 35. Kg3 Nxd3 36. Rxd3 Rc7 37. b3 Kf7 38. Kg4 Ke6 39. f4 Kf6 40.
Re3 Rc1 41. Rd3 Rg1+ 42. Kf3 Rb1 43. Rd6+ Kf5 44. Rd5+ Kf6 45. Rb5 Rh1 46. Kg3 Rg1+ 47.
Kf3 Rh1 48. h5 Rh2 49. Ke4 Rh1 50. Rb6+ Kf7 51. Rxb7+ Kg8 52. Rb5 Re1+ 53. Kf5 Rc1 54. Kg4 Kh7 55. Kf3 Rc3+ 56. Ke4 Rc1 57. b4 Re1+ 58.
Kd4 Rf1 59. Ke5 Re1+ 60. Kf5 Rh1 61. Ke6 Re1+ 62. Re5 Rb1 63. b5 Rb4 64. f5 Rh4 65. Kd6 Rb4 66. Kc6 Rc4+ 67. Rc5 Rb4 68. b6 Rb1 69. b7 1-0

[Event "Late-Titled-Tuesday-Blitz-December-26-2023"]
[Site "Chess.com"]
[Date "2023.12.26"]
[Round "9"]
[White "HanSchut"]
[Black "Mystery2007"]
[Result "1/2-1/2"]
[WhiteElo "2274"]
[BlackElo "2549"]
[TimeControl "180+1"]
[EndTime "15:44:44 PST"]
[Termination "Game drawn by repetition"]

1. e4 e6 2. d4 a6 3. Bd3 d5 4. e5 c5 5. c3 Nc6 6. Nf3 Bd7 7. O-O Nh6 8. dxc5 Bxc5 9. b4 Bb6 10. Na3 Nf5 11.
Bxf5 exf5 12. Qxd5 Be6 13. Qxd8+ Rxd8 14. Nc2 h6 15. Be3 Bc7 16. Rfe1 g5 17. Bd4 Nxd4 18. Nfxd4 Bb6 19. a4 Rc8 20. Ra3 Ke7 21. a5 Ba7 22. Ne3 Bxd4 23. cxd4 Rhd8 24. d5 Bxd5 25. Nxf5+ Ke6 26. Nxh6 Rc4 27. h3 Rxb4 28. Ng4 Bc6 29.
Raa1 Rd5 30. Rad1 Rbb5 31. Rxd5 Rxd5 32. Ra1 Rd4 33. Kf1 Bb5+ 34. Ke1 Re4+ 35. Kd1 Bf1 36. Rb1 Be2+ 37. Kd2 Bxg4 38. hxg4 Rxe5 39. Rb6+ Ke7 40.
Rxb7+ Kf8 41. Ra7 Rxa5 42. Kd3 Ra4 43. f3 Kg7 44. g3 Kf6 45. Ke3 Ra3+ 46. Ke4 Ra4+ 47.
Ke3 Ke6 48. f4 Ra3+ 49. Ke4 Rxg3 50. Rxa6+ Ke7 51. fxg5 Rxg4+ 52. Kf5 Rg1 53. Ra7+ Kf8 54. Kf6 Rf1+ 55. Ke5 Kg7 56. Ra6 Re1+ 57. Kf5 Rf1+ 58. Ke5 Rb1 59. Kf5 Rb5+ 60. Kg4 Rb4+ 61. Kf5 Rc4 62. Ke5 Rc5+ 63. Kf4 Rb5 64. Kg4 Rc5 65.
Kf4 Rd5 66. Kg4 Rd2 67. Kf4 Rd4+ 68. Kf5 Rb4 69. Ke5 Rb1 70. Kf5 Rf1+ 71. Ke5 1/2-1/2

[Event "Late-Titled-Tuesday-Blitz-December-26-2023"]
[Site "Chess.com"]
[Date "2023.12.26"]
[Round "9"]
[White "MPCandelario"]
[Black "GlavkonVVS"]
[Result "1-0"]
[WhiteElo "2667"]
[BlackElo "2530"]
[TimeControl "180+1"]
[EndTime "15:44:51 PST"]
[Termination "MPCandelario won by resignation"]

1. e4 Nf6 2. e5 Nd5 3. Nc3 Nb6 4. a4 a5 5. Nf3 d6 6. exd6 exd6 7. d4 Be7 8. Bd3 O-O 9. h3 Nc6 10. O-O Nb4 11.
Re1 Be6 12. Bf1 Bf5 13. Re2 Re8 14. Be3 Nc4 15. b3 Nxe3 16. fxe3 Bf8 17. e4 Bg6 18. Qd2 Bh5 19. g4 Bg6 20. Rae1 c5 21. d5 Rc8 22.
Rf2 h5 23. g5 Qb6 24. Nh4 Re5 25. Nxg6 fxg6 26. h4 Rce8 27. Bc4 Kh7 28. Kg2 Qd8 29. Rf7 Be7 30. Ref1 Rf8 31. Rxf8 Bxf8 32. Rf3 Be7 33. Rf2 Bxg5 34. hxg5 Rxg5+ 35. Kf1 Rg4 36. Qe3 Qh4 37. Bd3 Rg3 38. Qf4 Qh1+ 39. Ke2 Rg4 40. Qf3 Qc1 41. Qe3 Qb2 42. Qd2 Qa1 43. Nd1 Qe5 44. Qe3 Rg3 45. Rf3 Rxf3 46. Qxf3 Nxd5 47. Kd2 Nf4 48. Ne3 g5 49. Nd5 Ng6 50. Qxh5+ Kg8 51. Qxg6 Qh2+ 52. Kc3 Qe5+ 53. Kc4 Qd4+ 54.
Kb5 c4 55. Ne7+ Kf8 56. Qf5+ Kxe7 57. Bxc4 Qe5+ 58. Qxe5+ dxe5 59. Be2 Kd6 60. c3 g4 61.
Bxg4 Kc7 62. Kxa5 b6+ 63. Kb5 g5 64. b4 Kb7 65. c4 Kc7 66. Ka6 Kc6 67. Bf5 Kc7 68.
Kb5 Kb7 69. Bg4 Kc7 70. c5 bxc5 71. Kxc5 Kb7 72. Kd5 Kb6 73. Kxe5 Kc6 74. Kf5 Kd6 75. Kxg5 Ke5 76. Bf5 Kd4 77. a5 Kc4 78. a6 1-0

[Event "Late-Titled-Tuesday-Blitz-December-26-2023"]
[Site "Chess.com"]
[Date "2023.12.26"]
[Round "9"]
[White "GMKrikor"]
[Black "MITerryble"]
[Result "1-0"]
[WhiteElo "2839"]
[BlackElo "3021"]
[TimeControl "180+1"]
[EndTime "15:45:00 PST"]
[Termination "GMKrikor won on time"]

1. Nf3 Nf6 2. c4 b6 3. Nc3 Bb7 4. d4 e6 5. e3 Bb4 6. Bd2 O-O 7. Bd3 d6 8. a3 Bxc3 9. Bxc3 Nbd7 10. b4 Qe7 11. O-O e5 12. Bc2 Ne4 13. Bb2 Rae8 14.
d5 f5 15. Ne1 Ng5 16. Nd3 Ba6 17. Bb3 Qf7 18. Qc2 Qh5 19. f3 Qh6 20. Rae1 Re7 21. f4 exf4 22. exf4 Ne4 23. Re3 Rfe8 24. Rfe1 Ndf6 25.
h3 Nh5 26. Rf1 Bc8 27. Kh2 Bd7 28. Ref3 Nef6 29. Kg1 Re2 30. Qc1 Qg6 31. R1f2 Ng3 32.
Bc3 R2e4 33. Bd1 Nfh5 34. Qd2 R4e7 35. Kh2 Ne4 36. Qb2 Nxf2 37. Qxf2 Nf6 38. Qd4 Ne4 39.
Bb2 Qh6 40. Bb3 Kh8 41. a4 Rf8 42. c5 Qf6 43. c6 Be8 44. Qg1 Bh5 45. Bxf6 Nxf6 46.
Re3 Ne4 47. Bc2 Rfe8 48. Qe1 Bf7 49. Nf2 Bxd5 50. Nxe4 fxe4 51. b5 h6 52. Qc3 Bf7 53.
Bb3 d5 54. Qd4 Rd8 55. f5 Rd6 56. g4 Kh7 57. Kg3 Bg8 58. Re1 Bf7 59. Kf4 Re8 60. h4 g6 61. f6 Ree6 62. g5 Re8 63. Ke3 Red8 64. Rg1 h5 65. Rf1 Re8 66. a5 Rb8 67. axb6 Rxb6 68. Ba4 a6 69. bxa6 Rxa6 70. Bb5 Ra3+ 71.
Kf4 Re6 72. Ra1 1-0

[Event "Late-Titled-Tuesday-Blitz-December-26-2023"]
[Site "Chess.com"]
[Date "2023.12.26"]
[Round "9"]
[White "MightyGMpretender"]
[Black "Camilla_Lee"]
[Result "1-0"]
[WhiteElo "2755"]
[BlackElo "2608"]
[TimeControl "180+1"]
[EndTime "15:45:04 PST"]
[Termination "MightyGMpretender won by resignation"]

1. Nf3 d5 2. b3 Bg4 3. Bb2 f6 4.
d4 Nd7 5. Nbd2 e6 6. e4 c6 7.
Be2 Bd6 8. O-O Ne7 9. c4 O-O 10. Re1 Bb4 11. a3 Bxd2 12. Nxd2 Bxe2 13. Qxe2 Ng6 14.
g3 dxe4 15. Nxe4 e5 16. Rad1 Qc7 17. d5 cxd5 18. Rxd5 Nb6 19. Rc5 Qe7 20. Rb5 Rad8 21. Bc3 Rfe8 22. Ba5 Rd4 23. Bc3 Rd7 24. Nc5 Rc7 25. Bb4 Qf7 26. Ne4 Rd8 27. c5 Nd5 28.
Ba5 b6 29. cxb6 axb6 30. Bxb6 Nxb6 31. Rxb6 Qd5 32. a4 f5 33. Ng5 Rcd7 34. Rb5 Qd3 35. Qxd3 Rxd3 36. a5 e4 37. a6 Ra8 38. Ra1 Rd7 39. a7 Rdxa7 40. Rxa7 Rxa7 41. Rb8+ Nf8 42. Ne6 Rf7 43. b4 Rf6 44. Nxf8 Rxf8 45. Rxf8+ Kxf8 46. Kf1 g5 47. Ke2 f4 48. gxf4 gxf4 49. Kd2 Ke7 50. Kc3 Ke6 51. Kd4 Kf5 52. b5 e3 53. fxe3 f3 54. Kd3 Kg4 55. b6 Kh3 56.
b7 f2 57. b8=Q f1=Q+ 58. Ke4 Qg2+ 59. Kd3 Qf1+ 60. Kd4 Qd1+ 61. Ke5 Qe2 62. Kd4 Qd2+ 63. Ke4 Qg2+ 64. Kf5 Qf3+ 65. Qf4 Qd5+ 66. Kf6 Qd8+ 67. Kg7 Qe7+ 68. Kh6 Kg2 69. h4 Kh1 70. Qg5 Qf7 71. h5 Qd7 72. Qe5 Qf7 73. e4 Qd7 74. Qf5 Qe7 75. e5 Kg2 76. e6 Kg3 77. Qf7 Qh4 78.
Kxh7 Qe4+ 79. Qg6+ 1-0